 Dungeon Crawl Stone Soup version 0.31-a0-1042-ga9834b393d (webtiles) character file.

Game seed: 4248015601443335962

2617 Inarius the Cleaver (level 9, -1/70 HPs)
             Began as a Demonspawn Fighter on Nov 19, 2023.
             Shot with a sling bullet by Joseph (2 damage)
             ... on level 7 of the Dungeon.
             The game lasted 00:13:50 (6373 turns).

Inarius the Cleaver (Demonspawn Fighter)            Turns: 6373, Time: 00:13:52

Health: -1/70      AC:  9    Str: 20    XL:     9   Next: 34%
Magic:  9/9        EV: 16    Int:  9    God:
Gold:   121        SH:  5    Dex: 14    Spells: 8/8 levels left

rFire   . . .        j - +1 hand axe (vamp)
rCold   . . .        c - +0 buckler
rNeg    + . .        B - +3 ring mail
rPois   .            (no helmet)
rElec   .            (no cloak)
rCorr   .            (no gloves)
SInv    .            (no boots)
Will    .....        r - amulet of regeneration
Stlth   +            f - ring of positive energy
HPRegen 1.11/turn    t - +5 ring of evasion
MPRegen 0.11/turn

%: no passive effects
@: about to teleport
A: rugged brown scales 1, foul stench 1
a: no special abilities


You were on level 7 of the Dungeon.
You visited 1 branch of the dungeon, and saw 7 of its levels.

You collected 121 gold pieces.

Inventory:

Hand Weapons
 a - a +0 war axe
 j - a +1 vampiric hand axe (weapon)
Armour
 b - a +0 scale mail
 c - a +0 buckler (worn)
 w - a +3 leather armour of fire resistance
 A - a +0 chain mail
 B - a +3 ring mail (worn)
Jewellery
 f - a ring of positive energy (left hand)
 k - an amulet of the acrobat
 r - an amulet of regeneration (around neck)
 t - a +5 ring of evasion (right hand)
 y - a ring of positive energy
Scrolls
 d - a scroll of identify
 e - a scroll of enchant weapon {unknown}
 i - a scroll of enchant armour {unknown}
 n - 3 scrolls of immolation
 o - a scroll of silence {unknown}
 u - a scroll of noise {unknown}
 x - a scroll of fog {unknown}
Potions
 g - 3 potions of haste {unknown}
 h - a potion of attraction
 m - 3 potions of mutation {unknown}
 p - a potion of heal wounds {unknown}
 q - 5 potions of curing {unknown}
 s - 2 potions of cancellation {unknown}
 v - 3 potions of lignification {unknown}
 z - 2 potions of enlightenment {unknown}


   Skills:
 + Level 5.3 Fighting
 * Level 9.5 Axes
 + Level 4.3 Armour
 + Level 3.2 Dodging
 - Level 0.1 Stealth
 + Level 3.9 Shields


You had 8 spell levels left.
You didn't know any spells.
Your spell library contained the following spells:

 Spells                   Type           Power      Damage    Failure   Level
 Kiss of Death            Conj/Necr      0%         2d5       63%         1
 Sublimation of Blood     Necr           0%         N/A       77%         2
 Confusing Touch          Hex            0%         N/A       94%         3
 Hailstorm                Conj/Ice       0%         3d3       94%         3
 Dispel Undead            Necr           0%         3d6       100%        4
 Petrify                  Tmut/Erth      0%         N/A       100%        4
 Summon Ice Beast         Ice/Summ       0%         N/A       100%        4
 Irradiate                Conj/Tmut      0%         3d11      100%        5
 Simulacrum               Ice/Necr       0%         N/A       100%        6


Dungeon Overview and Level Annotations

Branches:
Dungeon (7/15)
 Temple: D:4-7

Altars:
Ashenzari
Cheibriados
Dithmenos
Trog
Wu Jian
Xom

Annotations:
D:6 Jeremiah
D:7 Joseph


Innate Abilities, Weirdness & Mutations

You are partially covered in rugged brown scales. (AC +1, +3% HP)
You may rarely emit foul miasma when damaged in melee.


Message History

Joseph shoots a sling bullet.
The sling bullet barely misses you.
There are monsters nearby!
Okay, then.
You start waiting.
Joseph is nearby!
Joseph unwields a +1 sling of freezing.
Joseph wields a +4 spectral quarterstaff.
Joseph hits you with a +4 spectral quarterstaff!
The +4 spectral quarterstaff hits you!
A +4 spectral quarterstaff comes into view.
You hit Joseph but do no damage.
You hit the +4 spectral quarterstaff but do no damage.
You block Joseph's attack.
The +4 spectral quarterstaff barely misses you.
You closely miss Joseph. You hit the +4 spectral quarterstaff.
Joseph shares his spectral weapon's damage!
Unknown command.
You hit Joseph.
Joseph is lightly wounded.
You hit the +4 spectral quarterstaff but do no damage.
Joseph shouts, "I love to fight!
I love killing!"
Joseph hits you with a +4 spectral quarterstaff!
The +4 spectral quarterstaff hits you!
Unknown command.
Unknown command.
As you read the scroll of teleportation, it crumbles to dust.
You feel strangely unstable.
The +4 spectral quarterstaff barely misses you.
The +4 spectral quarterstaff hits you.
Joseph shouts, "At last, some action!"
You block Joseph's attack. The +4 spectral quarterstaff hits you!
* * * LOW HITPOINT WARNING * * *
The +4 spectral quarterstaff misses you.
Joseph unwields a +4 spectral quarterstaff.
The +4 spectral quarterstaff disappears.
Joseph wields a +1 sling of freezing.
It is covered in frost.
Joseph shoots a sling bullet.
The sling bullet hits you!
* * * LOW HITPOINT WARNING * * *
The sling bullet freezes you.
You die...

##.## #># #.## #...# #.# #...
#...# ##.# #### #...# #..#
####### . #####...##### #.##
#.....#
..#...........####.#######.....#
..............@..#.##..).......#
..#...........#.......####.....#
####.....####@......# #.....#
#.....# #.##.#.## #######
#.....# #.##.#.#
#.....####.##.#.########
#.....##......#.#......#
#.)....#.#......#.####.####
#.#.##^#.###..###.####.....
...#........#............#..
##..####.#.#.#.####.##.#..#.#


You could see Joseph.

Vanquished Creatures
  Pikel (D:7)
  Grinder (D:6)
  A shadow (D:5)
  Eustachio (D:6)
  A water moccasin (D:5)
  Duvessa (D:6)
  2 ogres
  A phantom (D:5)
  A gnoll sergeant (D:6)
  5 scorpions (D:5)
  Dowan (D:6)
  A jelly (D:6)
  3 hounds (D:5)
  A sleepcap (D:6)
  7 iguanas
  2 orc wizards
  Natasha (thrice) (D:2)
  9 gnolls
  12 adders
  A white imp (D:6)
  2 ufetubi (D:6)
  2 worms
  A dart slug (D:1)
  21 orcs
  9 bats
  7 endoplasms
  A giant cockroach (D:1)
  6 goblins
  8 hobgoblins
  3 jackals (D:4)
  9 kobolds
  A quokka (D:2)
  4 ball pythons
  3 frilled lizards (D:1)
  2 rats
134 creatures vanquished.

Notes
Turn   | Place    | Note
-------+----------+-------------------------------------------
     0 | D:1      | Inarius the Demonspawn Fighter began the quest for the Orb.
     0 | D:1      | Reached XP level 1. HP: 18/18 MP: 1/1
   222 | D:1      | Gained mutation: You are partially covered in rugged brown
                  | scales. (AC +1, +3% HP) [demonic ancestry]
   222 | D:1      | Reached XP level 2. HP: 17/24 MP: 2/2
   394 | D:1      | Reached skill level 2 in Axes
  1152 | D:2      | Noticed Natasha
  1256 | D:2      | Reached XP level 3. HP: 29/29 MP: 3/3
  1266 | D:2      | Found a faded altar of an unknown god.
  1313 | D:2      | Killed Natasha
  1347 | D:2      | Noticed Natasha
  1369 | D:2      | Killed Natasha
  1370 | D:2      | Reached skill level 3 in Axes
  1370 | D:2      | Gained mutation: You may rarely emit foul miasma when
                  | damaged in melee. [demonic ancestry]
  1370 | D:2      | Reached XP level 4. HP: 29/36 MP: 4/4
  1530 | D:2      | Noticed Natasha
  1542 | D:2      | Killed Natasha
  2109 | D:2      | Reached XP level 5. HP: 33/42 MP: 5/5
  2412 | D:3      | Reached skill level 4 in Axes
  3034 | D:4      | Found a bloodstained altar of Trog.
  3291 | D:4      | Reached XP level 6. HP: 39/49 MP: 6/6
  3581 | D:4      | Reached skill level 5 in Axes
  3707 | D:4      | Found a snail-covered altar of Cheibriados.
  3862 | D:5      | Entered Level 5 of the Dungeon
  3883 | D:5      | Reached XP level 7. HP: 54/54 MP: 7/7
  3935 | D:5      | Reached skill level 1 in Dodging
  3952 | D:5      | Reached skill level 6 in Axes
  4181 | D:5      | Found a shimmering altar of Xom.
  4402 | D:5      | Found a shadowy altar of Dithmenos.
  4777 | D:5      | Found an ornate altar of the Wu Jian Council.
  5172 | D:6      | Noticed a shadow
  5172 | D:6      | Noticed Jeremiah
  5198 | D:5      | Reached skill level 7 in Axes
  5198 | D:5      | Reached XP level 8. HP: 62/62 MP: 8/8
  5360 | D:6      | Noticed Grinder
  5383 | D:6      | Paralysed by Grinder for 2 turns
  5389 | D:6      | Paralysed by Grinder for 5 turns
  5399 | D:6      | Paralysed by Grinder for 4 turns
  5417 | D:6      | Killed Grinder
  5418 | D:6      | Reached skill level 8 in Axes
  5458 | D:6      | Noticed Dowan
  5460 | D:6      | Noticed Duvessa
  5506 | D:6      | Killed Dowan
  5525 | D:6      | Killed Duvessa
  5759 | D:6      | Reached skill level 5 in Fighting
  5769 | D:6      | Found a broken altar of Ashenzari.
  5830 | D:6      | Noticed Eustachio
  5883 | D:6      | Killed Eustachio
  5915 | D:6      | Reached XP level 9. HP: 44/70 MP: 9/9
  6083 | D:7      | Noticed Pikel
  6104 | D:7      | Killed Pikel
  6105 | D:7      | Reached skill level 9 in Axes
  6342 | D:7      | Noticed a +0 falchion
  6343 | D:7      | Noticed a +0 spear
  6343 | D:7      | Noticed a +0 short sword
  6344 | D:7      | Noticed a +0 spear
  6344 | D:7      | Noticed a +0 short sword
  6344 | D:7      | Noticed a +0 dagger
  6345 | D:7      | Noticed a +0 dagger
  6345 | D:7      | Noticed a +0 falchion
  6347 | D:7      | Noticed Joseph
  6373 | D:7      | HP: 1/70 [Joseph/sling bullet (10)]
  6373 | D:7      | Shot with a sling bullet by Joseph

Illustrated notes

Levels and vault maps discovered:
D:1:      minmay_arrival_plants_in_alcoves, layout_basic
D:2:      layout_basic, hellmonk_ecumenical_altar_inner_sanctum, uniq_natasha
D:3:      layout_loops_ring, supply_closet_lemuel
D:4:      layout_gridville, lightli_temple_of_fire, mainiacjoe_overflow_catwalk
D:5:      layout_basic, xom_butterflies, nicolae_overflow_squiral,
          lemuel_doored_altar, corexii_checkpoint, corexii_corridor_pit
D:6:      layout_cave_pools, mainiacjoe_overflow_cross_hatched, minivault_4,
          uniq_duvessa, uniq_grinder, uniq_jeremiah, uniq_eustachio
D:7:      layout_loops_cross, nicolae_uskayaw_en_pointe,
          mainiacjoe_overflow_divided_tiny,
          minmay_temple_entry_statues_fountains, uniq_joseph, uniq_pikel,
          uniq_maggie

Skill      XL: |  1  2  3  4  5  6  7  8  9 |
---------------+----------------------------+-----
Axes           | 2 3 4 5 7 8 9 |  9.5
Armour         | 3 4 |  4.3
Shields        | 3 |  3.9
Dodging        | 1 2 3 |  3.2
Fighting       | 4 5 |  5.3
Stealth        | |  0.1

Action                     |  1- 3 |  4- 6 |  7- 9 || total
---------------------------+-------+-------+-------++-------
  Melee: War axe           |    61 |   131 |    19 ||   211
         Hand axe          |       |   123 |   394 ||   517
    Use: Scroll            |       |     3 |     3 ||     6
         Potion            |       |       |     2 ||     2
 Armour: Scale mail        |    52 |   136 |    20 ||   208
         Leather armour    |       |       |   192 ||   192
         Ring mail         |       |       |     7 ||     7
  Dodge: Dodged            |    37 |   141 |   332 ||   510
  Block: Buckler           |     7 |    40 |   109 ||   156

Table legend: (Time is in decaauts)
 A = Elapsed time spent in this place.
 B = Non-inter-level travel time spent in this place.
 C = Inter-level travel time spent in this place.
 D = Time resting spent in this place.
 E = Time spent auto-exploring this place.
 F = Levels seen in this place.
 G = Mean time per level.
                   A        B        C        D        E       F      G
               +--------+--------+--------+--------+--------+-----+--------+
         Total |   6446 |   6037 |    409 |    282 |   3961 |   7 |  920.9 |
       Dungeon |   6446 |   6037 |    409 |    282 |   3961 |   7 |  920.9 |
               +--------+--------+--------+--------+--------+-----+--------+

Top non-repeatable levels by time:
     D:5: 1436 daAuts
     D:1: 1312 daAuts
     D:2: 1018 daAuts
     D:4: 915 daAuts
     D:3: 737 daAuts
     D:6: 702 daAuts
     D:7: 323 daAuts
